Map: Ulrena

Players

Miszu

  • Race: Terran Terran
  • League: Master

llllllllllll (Rail) - Winner!

  • Race: Protoss Protoss
  • League: Grandmaster

VOD

Have the link to the VOD?

Description

Time

  • Played on: May 3, 2016, 11:55 a.m.
  • Length: 4:56
Show
View Real Time Build Order
Export as new Build Order

Miszu Terran 

Build Orders:  

Get SALT Encoding   

  12  0:01  SCV  
  13  0:13  SCV  
  14  0:17  Supply Depot  
  14  0:25  SCV  
  15  0:39  SCV  
  15  0:41  Barracks  
  16  0:51  SCV  
  17  1:03  Engineering Bay  
  17  1:05  SCV  
  19  1:29  Marine, Orbital Command  
  19  1:40  Command Center  
  19  1:47  Marine  
  20  1:55  Supply Depot, SCV  
  21  2:05  Barracks  
  21  2:06  Marine  
  21  2:07  SCV  
  23  2:17  Barracks  
  23  2:19  SCV  
  24  2:24  Marine  
  24  2:29  Refinery x2  
  25  2:34  SCV  
  26  2:41  Marine  
  27  2:46  SCV  
  27  2:51  Orbital Command  
  27  2:52  Marine  
  27  2:58  SCV  
  29  3:00  Marine  
  29  3:04  Barracks Tech Lab  
  30  3:10  Marine, SCV  
  32  3:12  Orbital Command  
  32  3:18  Marine  
  33  3:22  SCV  
  33  3:25  Marine  
  35  3:27  Marine  
  36  3:34  SCV  
  36  3:36  Marine  
  36  3:38  Bunker  
  36  3:41  Supply Depot, SCV  
  39  3:43  Marine  
  39  3:46  Marine, SCV  
  42  3:53  Marine, SCV  
  44  3:57  Factory  
  44  3:58  SCV  
  44  4:01  Engineering Bay  
  45  4:09  Engineering Bay  
  45  4:11  Marine x2  
  45  4:15  Marine  
  48  4:17  SCV  
  48  4:19  SCV  
  48  4:23  Supply Depot  
  50  4:29  Marine x2  
  52  4:34  Missile Turret  
  52  4:37  Missile Turret  
Show
View Real Time Build Order
Export as new Build Order

llllllllllll Protoss - Winner!

Build Orders: Oracle Opening 

Get SALT Encoding   

  12  0:02  Probe (Chrono Boost)  
  13  0:12  Probe (Chrono Boost)  
  14  0:19  Pylon  
  14  0:23  Probe (Chrono Boost)  
  15  0:37  Gateway, Probe (Chrono Boost)  
  16  0:44  Assimilator  
  16  0:48  Probe (Chrono Boost)  
  17  0:58  Probe (Chrono Boost)  
  18  1:09  Probe (Chrono Boost)  
  19  1:13  Pylon, Assimilator  
  19  1:19  Probe (Chrono Boost)  
  19  1:25  Zealot  
  22  1:28  Cybernetics Core  
  22  1:30  Probe (Chrono Boost)  
  23  1:40  Probe (Chrono Boost)  
  24  1:51  Probe (Chrono Boost)  
  25  2:01  Probe (Chrono Boost)  
  25  2:04  Stargate  
  25  2:06  Adept (Chrono Boost)  
  28  2:14  Pylon  
  29  2:17  Warp Gate  
  28  2:31  Nexus  
  28  2:36  Probe (Chrono Boost)  
  29  2:47  Probe (Chrono Boost)  
  29  2:48  Oracle (Chrono Boost)  
  33  2:53  Adept  
  33  2:58  Probe  
  36  3:03  Pylon  
  39  3:20  Oracle (Chrono Boost)  
  39  3:23  Gateway  
  39  3:28  Gateway  
  39  3:40  Probe  
  40  3:46  Probe  
  41  3:51  Oracle (Chrono Boost)  
  41  3:52  Probe  
  41  3:54  Pylon  
  45  3:56  Probe  
  46  4:04  Probe  
  46  4:07  Probe  
  48  4:16  Probe  
  49  4:18  Probe  
  49  4:22  Oracle (Chrono Boost)  
  53  4:28  Probe  
  54  4:31  Nexus  
  54  4:33  Probe  
Tags
 
Add a new tag
Caveats
  • Supply blocks, unpowered buildings, or Contaminate may cause inaccurate times.
  • Supply counts are checked every 10 seconds.